 Dungeon Crawl Stone Soup version 0.19.0-11-g3fc08b3 (webtiles) character file.

981 Malachi the Chopper (level 7, -2/55 HPs)
             Began as a Demonspawn Chaos Knight on Nov 10, 2016.
             Slain by a thrashing horror (11 damage)
             ... on level 1 of the Abyss.
             The game lasted 00:09:41 (6024 turns).

Malachi the Chopper (Demonspawn Chaos Knight)       Turns: 6024, Time: 00:09:41

Health: -2/55      AC:  7    Str: 19      XL:     7   Next: 96%
Magic:  7/7        EV: 13    Int: 16 (17) God:    Xom [.*....]
Gold:   168        SH:  0    Dex: 12      Spells: 0 memorised, 6 levels left

rFire  . . .     SeeInvis +     k - +0 dagger (venom)
rCold  . . .     Gourm    .     m - -1 robe (curse)
rNeg   . . .     Faith    .     (no shield)
rPois  .         Spirit   .     p - +0 hat {SInv}
rElec  .         Reflect  .     (no cloak)
rCorr  .         Harm     .     (no gloves)
MR     .....                    (no boots)
Stlth  ++++......               (no amulet)
                                (no ring)
                                e - +3 ring of intelligence

@: mighty, sanguine armour
A: hooves 1, nightstalker 2, powered by pain 1, screaming 1, sanguine armour 1
a: Renounce Religion


You were on level 1 of the Abyss.
You worshipped Xom.
You were a plaything of Xom.
You were not hungry.

You visited 1 branch of the dungeon, and saw 5 of its levels.
You visited the Abyss 1 time.

You collected 168 gold pieces.

Inventory:

Hand Weapons
 a - a +0 hand axe of chaos
 k - a +0 dagger of venom (weapon)
 l - a +2 short sword of draining
Missiles
 f - 6 tomahawks of returning (quivered)
Armour
 b - a +2 leather armour
 m - a cursed -1 robe (worn)
 p - a +0 hat of see invisible (worn)
Jewellery
 e - a +3 ring of intelligence (left hand)
Wands
 g - a wand of polymorph (11/24)
Potions
 h - a potion of cancellation
Comestibles
 c - 6 bread rations
 d - 2 fruits
 j - a slice of pizza


   Skills:
 + Level 4.6 Fighting
 + Level 1.0 Short Blades
 + Level 5.7 Axes
 + Level 3.4 Armour
 + Level 2.6 Dodging
 + Level 3.9 Stealth


You had 6 spell levels left.
You didn't know any spells.

Dungeon Overview and Level Annotations

Branches:
Dungeon (5/15)             Temple (0/1) D:4

Altars:
Makhleb
Vehumet


Innate Abilities, Weirdness & Mutations

You have large cloven feet.
You are significantly more attuned to the shadows.
You sometimes gain a little power by taking damage.
When seriously injured, your bleeding wounds create armour. (AC +6)
You occasionally shout uncontrollably at your foes.


Message History

* * * LOW HITPOINT WARNING * * *
A chaos spawn comes into view.
You feel much better.
The thrashing horror closely misses you.
The thrashing horror misses you. The thrashing horror tramples you.
You hold your ground!
The thrashing horror closely misses you.
The large abomination closely misses you.
You barely miss the large abomination.
You kick the large abomination, but do no damage.
The thrashing horror tramples you.
You hold your ground!
The thrashing horror completely misses you.
The large abomination hits you!
* * * LOW HITPOINT WARNING * * *
You puncture the large abomination!
You kick the large abomination, but do no damage.
The large abomination is moderately damaged.
The thrashing horror tramples you!
You die...
Xom chuckles heartily!

. .# ##.# #.# # .
#. #.. ##.# #. ##..
. .# .. ##.##
#.#.#.#
##...######.##.
.....X@X4....####
#....########.....#
...#. # ##### #
###.# .


You could see a thrashing horror, a large abomination and a chaos spawn.

Vanquished Creatures
  A fire bat (shapeshifter) (D:2)
  An ogre (D:2)
  A centaur (D:5)
  A scorpion (D:4)
  A centaur zombie (D:5)
  2 hounds
  An orc wizard (D:3)
  An orc priest (D:3)
  A centaur skeleton (D:4)
  2 bullfrog skeletons (D:4)
  Ijyb (D:3)
  4 worker ants
  A hound skeleton (D:4)
  7 gnolls (D:5)
  8 adders
  2 oozes
  4 worms
  2 adder skeletons (D:4)
  2 leopard geckos (D:4)
  9 orcs
  7 giant cockroaches
  7 goblins
  13 hobgoblins
  7 jackals
  6 kobolds
  5 quokkas
  8 bats
  4 frilled lizards
  A jackal skeleton (D:4)
  11 rats
121 creatures vanquished.

Vanquished Creatures (others)
  A fire vortex (D:3)
1 creature vanquished.

Grand Total: 122 creatures vanquished

Notes
Turn   | Place    | Note
-------+----------+-------------------------------------------
     0 | D:1      | Malachi the Demonspawn Chaos Knight began the quest for the Orb.
     0 | D:1      | Reached XP level 1. HP: 18/18 MP: 1/1
    21 | D:1      | XOM: potion effect (agility)
    22 | D:1      | Reached skill level 1 in Dodging
    87 | D:1      | XOM: divination: detect items
    93 | D:1      | XOM: cast spell 'Call Canine Familiar'
   170 | D:1      | Gained mutation: When seriously injured, your bleeding wounds create armour. (AC +6) [demonic ancestry]
   170 | D:1      | Reached XP level 2. HP: 24/24 MP: 2/2
   475 | D:1      | Reached skill level 3 in Axes
   841 | D:2      | XOM: silly message
   843 | D:2      | Gained mutation: You sometimes gain a little power by taking damage. [demonic ancestry]
   843 | D:2      | Reached XP level 3. HP: 29/29 MP: 3/3
   861 | D:2      | XOM: smoke on damage
   937 | D:2      | XOM: divination: magic mapping
   957 | D:2      | XOM: harmless Conj miscast
  1445 | D:2      | XOM: harmless Necr miscast
  1488 | D:2      | Gained mutation: You are slightly more attuned to the shadows. [demonic ancestry]
  1488 | D:2      | Reached XP level 4. HP: 27/36 MP: 4/4
  1537 | D:2      | Noticed a fire bat
  1537 | D:2      | a scorpion changed into a fire bat
  1547 | D:2      | XOM: chaos cloud
  1553 | D:2      | Killed a fire bat
  1553 | D:2      | Reached skill level 4 in Axes
  1553 | D:2      | Reached XP level 5. HP: 36/42 MP: 5/5
  1579 | D:2      | Gained mutation: You have large cloven feet. [mutagenic meat]
  1580 | D:2      | Gained mutation: Your mind is acute. (Int +2) [mutagenic meat]
  1785 | D:2      | XOM: mild Chrm miscast
  1838 | D:2      | XOM: give mutation
  1838 | D:2      | Gained mutation: Scrolls take you a little longer to read. [Xom's mischief]
  1890 | D:2      | Noticed an ogre
  1939 | D:2      | XOM: mild Hex miscast
  2222 | D:2      | Killed an ogre
  2222 | D:2      | Gained mutation: You have hoof-like feet. [demonic ancestry]
  2222 | D:2      | Reached XP level 6. HP: 8/48 MP: 6/6
  2289 | D:2      | XOM: give mutations
  2289 | D:2      | Gained mutation: You occasionally shout uncontrollably at your foes. [Xom's mischief]
  2289 | D:2      | Gained mutation: Armour fits poorly on your strangely shaped body. [Xom's mischief]
  2289 | D:2      | Gained mutation: Your body sometimes deteriorates upon taking damage. [Xom's mischief]
  2597 | D:2      | Lost mutation: Scrolls take you a little longer to read. [potion of cure mutation]
  2597 | D:2      | Lost mutation: Armour fits poorly on your strangely shaped body. [potion of cure mutation]
  2597 | D:2      | Lost mutation: Your body sometimes deteriorates upon taking damage. [potion of cure mutation]
  2597 | D:2      | Lost mutation: You have hoof-like feet. [potion of cure mutation]
  2597 | D:2      | Lost mutation: Your mind is acute. (Int +2) [potion of cure mutation]
  2662 | D:3      | XOM: mild Fire miscast
  2845 | D:3      | XOM: stat loss: -1 Str (13/14)
  3515 | D:3      | Noticed Ijyb
  3530 | D:3      | Killed Ijyb
  3919 | D:4      | Reached skill level 5 in Axes
  3919 | D:4      | Gained mutation: You are significantly more attuned to the shadows. [demonic ancestry]
  3919 | D:4      | Reached XP level 7. HP: 52/54 MP: 7/7
  3968 | D:4      | XOM: enchant monster (good)
  4062 | D:4      | Found a radiant altar of Vehumet.
  4214 | D:4      | Found a staircase to the Ecumenical Temple.
  4321 | D:4      | XOM: harmless Erth miscast
  4427 | D:4      | XOM: divination: magic mapping
  4648 | D:5      | Entered Level 5 of the Dungeon
  4658 | D:5      | Found a burning altar of Makhleb.
  4979 | D:5      | XOM: medium Divn miscast
  5127 | D:5      | XOM: god gift: 6 tomahawks of returning
  5188 | D:5      | XOM: harmless Tloc miscast
  5322 | D:5      | XOM: noise
  5726 | D:5      | Reached skill level 1 in Short Blades
  5822 | D:5      | XOM is BORED!
  5822 | D:5      | XOM: medium Tloc miscast
  5822 | D:5      | Cast into level 1 of the Abyss (the capriciousness of Xom)
  5822 | Abyss:1  | Found a corrupted altar of Lugonu.
  5849 | Abyss:1  | Noticed a golden eye
  5857 | Abyss:1  | Noticed a hellwing
  5890 | Abyss:1  | XOM: mild Fire miscast
  5991 | Abyss:1  | XOM: harmless Divn miscast
  6011 | Abyss:1  | Noticed a large abomination
  6016 | Abyss:1  | Noticed a thrashing horror
  6022 | Abyss:1  | Noticed a chaos spawn
  6024 | Abyss:1  | Slain by a thrashing horror

Skill      XL: |  1  2  3  4  5  6  7 |
---------------+----------------------+-----
Dodging        | 1 2 |  2.6
Armour         | 2 3 |  3.4
Axes           | 3 4 5 |  5.7
Stealth        | 2 3 |  3.9
Fighting       | 4 |  4.6
Short Blades   | 1 |  1.0

Action                   |  1- 3 |  4- 6 |  7- 9 || total
-------------------------+-------+-------+-------++-------
Melee: Hand axe          |   119 |   229 |    45 ||   393
       Kick              |       |    49 |    43 ||    92
       Dagger            |       |       |    88 ||    88
  Use: Scroll            |     4 |     1 |     3 ||     8
       Potion            |     2 |     6 |     3 ||    11
 Stab: Sleeping          |     2 |    11 |     6 ||    19
       Paralysed         |     6 |     2 |       ||     8
       Distracted        |       |     1 |       ||     1
       Petrified         |       |     1 |     6 ||     7
       Confused          |       |     1 |     1 ||     2
  Eat: Chunk             |     2 |    10 |     5 ||    17
       Fruit             |       |       |     2 ||     2
Armor: Leather armour    |    28 |    76 |     1 ||   105
       Robe              |       |       |    21 ||    21
Dodge: Dodged            |    83 |   133 |    78 ||   294
